 Dungeon Crawl Stone Soup version 0.24.0-125-gc4c63601f3 (webtiles) character file.

Game seed: 4570146732857916276, levelgen mode: deterministic

11321 Leibowitz the Impaler (level 11, -7/89 HPs)
             Began as a Merfolk Gladiator on Feb 22, 2020.
             Was a Priest of Fedhas.
             Mangled by a ten-headed hydra (11 damage)
             ... on level 1 of the Lair of Beasts.
             The game lasted 00:46:46 (8589 turns).

Leibowitz the Impaler (Merfolk Gladiator)           Turns: 8589, Time: 00:46:47

Health: -7/89      AC:  5    Str: 17    XL:     11   Next: 75%
Magic:  16/16      EV: 21    Int:  9    God:    Fedhas [***...]
Gold:   522        SH:  0    Dex: 18    Spells: 10/10 levels left

rFire    + + .     SeeInvis .   a - +9 glaive of Vanity {chop, Str+3}
rCold    . . .     Gourm    .   (shield currently unavailable)
rNeg     . . .     Faith    +   q - +0 leather armour {rF+}
rPois    .         Spirit   .   A - +1 hat {MR+}
rElec    .         Reflect  .   F - +0 cloak
rCorr    .         Harm     .   (no gloves)
MR       +....                  (no boots)
Stlth    +.........             b - amulet of faith
HPRegen  0.24/turn              g - ring of protection from fire
MPRegen  0.15/turn              t - ring "Vulywnue" {+Blink EV+2}

@: no status effects
A: change form in water, swift swim, stealthy swim
a: Wall of Briars, Grow Ballistomycete, Renounce Religion, Evoke Blink


You were on level 1 of the Lair of Beasts.
You worshipped Fedhas.
Fedhas was most pleased with you.
You were not hungry.

You visited 2 branches of the dungeon, and saw 10 of its levels.
You also visited: Ossuary.

You collected 522 gold pieces.

Inventory:

Hand Weapons
 a - the +9 glaive of Vanity (weapon) {chop, Str+3}
   (You found it on level 6 of the Dungeon)

   It inflicts extra damage upon your enemies.
   It affects your strength (+3).
 c - a +1 trident
Missiles
 d - 4 throwing nets (quivered)
 z - 9 poisoned darts
Armour
 q - a +0 leather armour of fire resistance (worn)
 A - a +1 hat of magic resistance (worn)
 F - a +0 cloak (worn)
Jewellery
 b - an amulet of faith (around neck)
 e - an uncursed amulet of regeneration
 g - a ring of protection from fire (left hand)
 i - an uncursed ring of stealth
 t - the ring "Vulywnue" (right hand) {+Blink EV+2}
   (You found it in an ossuary)

   [ring of evasion]

   It affects your evasion (+2).
   It lets you blink.
 D - an uncursed ring of teleportation
Wands
 h - a wand of paralysis (9)
 k - a wand of polymorph (3)
 v - a wand of acid (3)
Scrolls
 j - 9 scrolls of remove curse
 l - 9 scrolls of teleportation
 m - 11 scrolls of identify
 n - 3 scrolls of enchant armour
 u - 2 scrolls of blinking
 y - a scroll of enchant weapon
 C - 2 scrolls of magic mapping
Potions
 o - 4 potions of curing
 r - 2 potions of agility
 s - 2 potions of flight
 w - a potion of berserk rage
 B - 2 potions of magic
 E - 2 potions of resistance
 G - a potion of heal wounds
 H - a potion of brilliance
Miscellaneous
 x - a phantom mirror
Comestibles
 f - 22 rations
 p - 3 chunks of flesh


   Skills:
 + Level 9.1 Fighting
 + Level 17.2 Polearms
 - Level 2.0 Throwing
 + Level 4.0 Armour
 + Level 9.2 Dodging
 * Level 6.8 Invocations


You had 10 spell levels left.
You didn't know any spells.
Your spell library contained the following spells:

 Spells                   Type           Power        Failure   Level  Hunger
 Beastly Appendage        Tmut           #.....       43%         1    ##.....
 Freeze                   Ice            #...         43%         1    ##.....
 Shock                    Conj/Air       #...         43%         1    ##.....
 Summon Small Mammal      Summ           #...         43%         1    ##.....
 Call Imp                 Summ           #.......     58%         2    ###....
 Sticks to Snakes         Tmut           #.......     58%         2    ###....
 Swiftness                Chrm/Air       #.......     58%         2    ###....
 Throw Frost              Conj/Ice       #.....       58%         2    ###....
 Call Canine Familiar     Summ           #.......     82%         3    ####...
 Ozocubu's Armour         Chrm/Ice       #.......     82%         3    ####...
 Spider Form              Tmut/Pois      #.........   82%         3    ####...
 Static Discharge         Conj/Air       #.......     82%         3    ####...
 Summon Guardian Golem    Hex/Summ       #.......     82%         3    ####...
 Airstrike                Air            #.........   99%         4    #####..
 Ice Form                 Ice/Tmut       #.......     99%         4    #####..
 Summon Ice Beast         Ice/Summ       #.......     99%         4    #####..
 Summon Lightning Spire   Summ/Air       #.......     99%         4    #####..
 Throw Icicle             Conj/Ice       #.......     99%         4    #####..
 Blade Hands              Tmut           #.........   100%        5    ######.
 Lightning Bolt           Conj/Air       #.........   100%        5    ######.


Dungeon Overview and Level Annotations

Branches:
Dungeon (9/15)             Temple (0/1) D:5            Lair (1/6) D:9
    Orc (0/2) D:9         Ossuary (visited)

Altars:
Ashenzari
Cheibriados
Dithmenos
Elyvilon
Fedhas
Hepliaklqana
Kikubaaqudgha
Makhleb
Trog
Uskayaw
Vehumet
Zin

Annotations:
D:4 Sigmund


Message History

* * * LOW HITPOINT WARNING * * *
The nine-headed hydra closely misses you.
The nine-headed hydra bites you but does no damage.
The nine-headed hydra bites you!
* * * LOW HITPOINT WARNING * * *
The nine-headed hydra closely misses you.
The nine-headed hydra misses you.
You slice one of the nine-headed hydra's heads off!
The eight-headed hydra grows two more!
You slice the ten-headed hydra!!
The ten-headed hydra is severely wounded.
The ten-headed hydra bites you!
* * * LOW HITPOINT WARNING * * *
The ten-headed hydra closely misses you. x3
The ten-headed hydra barely misses you.
The ten-headed hydra closely misses you.
The ten-headed hydra misses you.
The ten-headed hydra closely misses you.
The ten-headed hydra barely misses you. The ten-headed hydra bites you!
You die...
Fedhas appreciates your contribution to the ecosystem.

##### ######
######.#.#####.##.####.P#
................@........
.............##.D#..##...
............#........#
####..#.#...#........# .#
.........#..#........#...
.........#...........#..#.
............#.............
............#........#..#
.#.##.#.#...............#


You could see a ten-headed hydra.

Vanquished Creatures
  Gastronok (D:8)
  A hydra (D:9)
  5 death yaks (D:9)
  Psyche (D:8)
  A spiny frog (Lair:1)
  A hippogriff (D:7)
  A spriggan (D:7)
  A fire bat (D:6)
  A water moccasin (D:9)
  4 orc warriors
  2 phantoms
  A black bear (D:7)
  2 centaurs
  4 ogres
  A crocodile (Lair:1)
  Blork the orc (D:5)
  A bullfrog (D:6)
  12 scorpions
  4 wights (D:8)
  4 killer bees
  7 howler monkeys
  3 crimson imps
  A centaur zombie (Ossuary)
  3 hounds
  6 orc priests
  3 human zombies (Ossuary)
  12 orc wizards
  A bullfrog skeleton (D:6)
  3 iguanas
  7 worker ants
  3 big kobold zombies (Ossuary)
  A hound skeleton (D:6)
  3 mummies (Ossuary)
  A worker ant zombie (D:5)
  11 gnolls
  5 scorpion zombies (Ossuary)
  13 adders
  A howler monkey skeleton (D:4)
  A shadow imp (D:8)
  2 adder zombies
  7 worms
  4 dart slugs
  6 leopard geckos
  47 orcs
  7 bats (D:1)
  6 giant cockroaches
  A gnoll zombie (Ossuary)
  8 goblins
  10 hobgoblins
  4 jackals (D:2)
  5 quokkas
  8 frilled lizards
  3 goblin zombies (Ossuary)
  3 hobgoblin zombies (Ossuary)
  12 kobolds
  A leopard gecko skeleton (D:4)
  3 orc zombies (Ossuary)
  5 rats
  2 ballistomycete spores (D:9)
278 creatures vanquished.

Vanquished Creatures (collateral kills)
  A death yak (D:9)
  An ice beast (D:7)
  2 scorpions (D:6)
  A wight (D:8)
  A killer bee (D:9)
  An orc priest (D:6)
  A hound skeleton (D:7)
  An adder (D:8)
  2 gnolls (D:6)
  A shadow imp (D:7)
  12 orcs
  A giant cockroach (D:6)
  A quokka (D:7)
  21 ballistomycete spores
47 creatures vanquished.

Vanquished Creatures (others)
  A scorpion (Ossuary)
  An orc wizard (D:9)
  4 ballistomycete spores
  2 fungi (Lair:1)
  A plant (Lair:1)
9 creatures vanquished.

Grand Total: 334 creatures vanquished

Notes
Turn   | Place    | Note
-------+----------+-------------------------------------------
     0 | D:1      | Leibowitz the Merfolk Gladiator began the quest for the
                  | Orb.
     0 | D:1      | Reached XP level 1. HP: 16/16 MP: 1/1
    66 | D:1      | Reached XP level 2. HP: 21/22 MP: 2/2
    77 | D:1      | You fall into a shaft and drop 1 floor!
    81 | D:2      | Reached skill level 5 in Polearms
   114 | D:1      | Reached XP level 3. HP: 28/28 MP: 3/3
   445 | D:2      | Reached XP level 4. HP: 33/34 MP: 4/4
   608 | D:2      | Found an ancient bone altar of Kikubaaqudgha.
   695 | D:2      | Reached skill level 5 in Dodging
   841 | D:2      | Found a hazy altar of Hepliaklqana.
   891 | D:2      | Reached skill level 1 in Armour
   935 | D:2      | Reached skill level 6 in Polearms
   962 | D:2      | Found a bloodstained altar of Trog.
   963 | D:2      | Found a radiant altar of Vehumet.
   963 | D:2      | Found a hide-covered altar of Uskayaw.
   963 | D:2      | Found a burning altar of Makhleb.
  1266 | D:3      | Found a white marble altar of Elyvilon.
  1328 | D:3      | Reached XP level 5. HP: 30/39 MP: 5/5
  1831 | D:3      | Reached skill level 7 in Polearms
  1864 | D:3      | Reached XP level 6. HP: 46/47 MP: 6/6
  2154 | D:4      | Noticed Sigmund
  2284 | D:4      | Found a glowing silver altar of Zin.
  2299 | D:4      | Noticed a phantom
  2334 | D:4      | Killed a phantom
  2362 | D:4      | Found a blossoming altar of Fedhas.
  2370 | D:4      | Became a worshipper of Fedhas Madash
  2417 | D:4      | Reached skill level 8 in Polearms
  2436 | D:4      | Reached XP level 7. HP: 52/52 MP: 7/7
  2565 | D:4      | Reached skill level 9 in Polearms
  2630 | D:4      | Reached * piety under Fedhas
  2874 | D:4      | Reached skill level 10 in Polearms
  2874 | D:4      | Reached XP level 8. HP: 48/61 MP: 8/8
  3285 | D:4      | Found a snail-covered altar of Cheibriados.
  3309 | D:5      | Entered Level 5 of the Dungeon
  3320 | D:5      | Found a shadowy altar of Dithmenos.
  3399 | D:5      | Found a staircase to the Ecumenical Temple.
  3411 | D:5      | Found a sand-covered staircase.
  3420 | Ossuary  | Entered an ossuary
  3703 | Ossuary  | Reached ** piety under Fedhas
  3787 | Ossuary  | Reached skill level 5 in Fighting
  3814 | Ossuary  | Reached skill level 11 in Polearms
  4061 | Ossuary  | Got a vibrating ivory ring
  4063 | Ossuary  | Identified the ring "Vulywnue" {+Blink EV+2} (You found it
                  | in an ossuary)
  4346 | D:5      | Noticed Blork the orc
  4359 | D:5      | Killed Blork the orc
  4359 | D:5      | Reached skill level 12 in Polearms
  4359 | D:5      | Reached XP level 9. HP: 57/69 MP: 9/9
  4410 | D:5      | Reached *** piety under Fedhas
  4726 | D:6      | Got a transparent glaive
  4727 | D:6      | Identified the +9 glaive of Vanity {chop, Str+3} (You found
                  | it on level 6 of the Dungeon)
  4845 | D:6      | Found a transporter.
  4900 | D:6      | Found a transporter.
  4940 | D:6      | Reached skill level 13 in Polearms
  5095 | D:6      | Reached skill level 1 in Invocations
  5577 | D:7      | Found a shadowy altar of Dithmenos.
  5593 | D:7      | Reached skill level 14 in Polearms
  5810 | D:7      | Reached XP level 10. HP: 56/77 MP: 11/11
  6385 | D:8      | Noticed Psyche
  6393 | D:8      | Killed Psyche
  6451 | D:8      | Reached **** piety under Fedhas
  6452 | D:8      | Noticed Gastronok
  6840 | D:8      | Killed Gastronok
  6840 | D:8      | Reached skill level 15 in Polearms
  6945 | D:8      | Found a shattered altar of Ashenzari.
  7687 | D:9      | Found a staircase to the Orcish Mines.
  7716 | D:9      | Noticed a death yak
  7736 | D:9      | Paralysed by an orc for 6 turns
  7765 | D:9      | Reached XP level 11. HP: 21/86 MP: 11/14
  7822 | D:9      | Reached skill level 16 in Polearms
  8058 | D:9      | Noticed a seven-headed hydra
  8069 | D:9      | Killed a seven-headed hydra
  8069 | D:9      | Reached skill level 5 in Invocations
  8092 | D:9      | Noticed a death yak
  8110 | D:9      | Killed a death yak
  8121 | D:9      | Noticed a death yak
  8122 | D:9      | Noticed a death yak
  8122 | D:9      | Noticed a death yak
  8134 | D:9      | Killed a death yak
  8136 | D:9      | Noticed a death yak
  8149 | D:9      | Killed a death yak
  8158 | D:9      | Killed a death yak
  8166 | D:9      | Killed a death yak
  8166 | D:9      | Reached skill level 17 in Polearms
  8179 | D:9      | Killed a death yak
  8329 | D:9      | Found a staircase to the Lair.
  8512 | Lair:1   | Entered Level 1 of the Lair of Beasts
  8572 | Lair:1   | Noticed a five-headed hydra
  8589 | Lair:1   | HP: 4/89 [ten-headed hydra (9)]
  8589 | Lair:1   | Mangled by a ten-headed hydra

Levels and vault maps discovered:
D:1:      lemuel_arrival_hallway, layout_rooms
D:2:      layout_loops_ring, lemuel_doored_altar,
          nicolae_overflow_crystal_walls, grunt_temple_overflow_open
D:3:      layout_basic, elyvilon_altar_5
D:4:      layout_basic, zin_academy, kennysheep_mini_moat, fedhas_altar_1,
          first_ration, minmay_joined_circles, uniq_sigmund
D:5:      layout_basic, minmay_temple_entry_statues_fountains, basic_altar,
          nicolae_ossuary_entry_ruins, nrook_uturn, uniq_blork_the_orc
D:6:      gammafunk_cloud_chamber, layout_loops_ring
D:7:      layout_cave_pods, grunt_dithmenos_smoke, the_bakery
D:8:      layout_basic, evilmike_ruin_ashenzari, minmay_misc_feat_x,
          minmay_misc_feat_rows, uniq_gastronok, uniq_psyche
D:9:      layout_rooms, dpeg_lair_monsters, hiddenorc2_lemuel
Lair:1:   layout_regular_city, grunt_megastairs_2

Skill      XL: |  1  2  3  4  5  6  7  8  9 10 11 |
---------------+----------------------------------+-----
Polearms       | 5 6 7 8 10 12 14 15 17 | 17.2
Dodging        | 5 6 7 8 9 |  9.2
Armour         | 1 2 3 4 |  4.0
Fighting       | 3 4 5 6 8 9 |  9.1
Invocations    | 2 4 6 |  6.8
Throwing       | |  2.0

Action                   |  1- 3 |  4- 6 |  7- 9 | 10-12 || total
-------------------------+-------+-------+-------+-------++-------
Melee: Trident           |    97 |   236 |   504 |       ||   837
       Glaive            |       |       |   131 |   150 ||   281
Throw: Throwing net      |       |     2 |       |       ||     2
Invok: Wall of Briars    |       |       |     8 |     7 ||    15
       Grow Ballistomyce |       |       |       |     5 ||     5
 Abil: Evoke Blink       |       |       |     8 |       ||     8
Evoke: Wand              |       |       |     1 |       ||     1
  Use: Potion            |       |       |     6 |     2 ||     8
       Scroll            |       |       |       |    15 ||    15
 Stab: Sleeping          |     2 |     2 |     4 |     2 ||    10
       Distracted        |       |       |     1 |       ||     1
       Confused          |       |       |       |     3 ||     3
  Eat: Chunk             |       |     5 |    10 |     7 ||    22
       Ration            |       |       |     1 |     1 ||     2
Armor: Leather armour    |    32 |    36 |    69 |    12 ||   149
Dodge: Dodged            |    84 |   138 |   337 |    97 ||   656
